 Dungeon Crawl Stone Soup version 0.32-a0-981-g384da2ce10 (webtiles) character file.

Game seed: 12702322053643364512

1565855 ayayaya the Slayer (level 26, 213/213 HPs)
             Began as a Coglin Berserker on Apr 20, 2024.
             Was a High Priest of Trog.
             Escaped with the Orb
             ... and 3 runes!
             The game lasted 05:01:11 (75925 turns).

ayayaya the Slayer (Coglin Berserker)              Turns: 75925, Time: 05:01:11

Health: 213/213    AC: 37    Str: 17    XL:     26   Next: 77%
Magic:  23/23      EV: 25    Int: 10    God:    Trog [*****.]
Gold:   5137       SH:  0    Dex: 23    Spells: 25/25 levels left

rFire   + . .        K - +6 double sword (heavy) {Thatsani}
rCold   + + +        u - +4 dagger of Cymewij {vamp, rElec rN++}
rNeg    + + .        O - +9 ice dragon scales
rPois   +            d - +2 hat of the Bear Spirit {Spirit, Bear, *Rage Will++}
rElec   +            V - +0 cloak of Aseunn {rF++ rC++ Regen+}
rCorr   +            v - +1 pair of gloves {Stlth+}
SInv    .            q - +1 pair of boots
Will    +++..        (amulet unavailable)
Stlth   +            (ring unavailable)
HPRegen 1.35/turn    (ring unavailable)
MPRegen 0.18/turn    f
                       - LR-70 gigamatrix {rPois rF+ rCorr Clar RMsl}

%: repel missiles, clarity, guardian spirit
@: hasted, studying Ranged Weapons, very quick
A: off-hand wielding, slow wielding, warmup strikes, no jewellery, horns 1,
clarity, frail 1, electricity resistance, evolution 1, no potion heal 1, heat
vulnerability 1, subdued magic 1, inability to read after injury 2, noise
suppression
0: Orb of Zot
}: 3/15 runes: serpentine, barnacled, silver
a: Renounce Religion, Berserk, Trog's Hand, Brothers in Arms


You escaped.
You worshipped Trog.
Trog was extremely pleased with you.
You visited 8 branches of the dungeon, and saw 44 of its levels.
You also visited: Ossuary and Volcano.

You collected 7832 gold pieces.
You spent 2695 gold pieces at shops.

Inventory:

Hand Weapons
 k - a +4 double sword of holy wrath {Surin}
 u - the +4 dagger of Cymewij (offhand) {vamp, rElec rN++}
   (You found it on level 3 of the Dungeon)

   rElec:     It insulates you from electricity.
   rN++:      It greatly protects you from negative energy.
 K - a +6 heavy double sword (weapon) {Thatsani}
Missiles
 a - 12 throwing nets
 g - 31 javelins (quivered)
 z - 58 poisoned darts
 M - 8 curare-tipped darts
Armour
 d - the +2 hat of the Bear Spirit (worn) {Spirit, Bear, *Rage Will++}
   (You found it on level 5 of the Vaults)

   Bear:      Going berserk makes the wearer exceptionally tough, and they are
   slowed for a shorter time afterward.
   Will++:    It greatly increases your willpower.
   *Rage:     It berserks you when you make melee attacks (+20% chance).
 q - a +1 pair of boots (worn)
 v - a +1 pair of gloves of stealth (worn)
 O - +9 ice dragon scales (worn)
 P - the +1 helmet "Wagised" {rPois rF++ Will+ Str-5}
   (You found it on level 3 of the Shoals)

   Str-5:     It affects your strength (-5).
   rF++:      It greatly protects you from fire.
   rPois:     It protects you from poison.
   Will+:     It increases your willpower.
 V - the +0 cloak of Aseunn (worn) {rF++ rC++ Regen+}
   (You found it on level 5 of the Vaults)

   rF++:      It greatly protects you from fire.
   rC++:      It greatly protects you from cold.
   Regen+:    It increases your rate of health regeneration.
 Z - quicksilver dragon scales
Gizmo
 f - a LR-70 gigamatrix (installed) {rPois rF+ rCorr Clar RMsl}
   (You invented it yourself on level 5 of the Lair of Beasts)

   [LR-70 gigamatrix]

   rF+:       It protects you from fire.
   rPois:     It protects you from poison.
   Clar:      It protects you from confusion, rage, mesmerisation and fear.
   RMsl:      It protects you from missiles.
   rCorr:     It protects you from acid and corrosion.
Wands
 o - a wand of mindburst (25)
 y - a wand of flame (82)
 A - a wand of paralysis (39)
 Q - a wand of warping (55)
 R - a wand of acid (38)
 S - a wand of digging (4)
Scrolls
 b - 3 scrolls of vulnerability
 e - 5 scrolls of fog
 h - 7 scrolls of teleportation
 i - 3 scrolls of summoning
 m - 2 scrolls of fear
 n - 5 scrolls of revelation
 E - 10 scrolls of poison
 T - a scroll of brand weapon
 U - a scroll of enchant armour
 W - 6 scrolls of immolation
 X - 4 scrolls of silence
 Y - a scroll of torment
Potions
 l - 4 potions of might
 p - a potion of heal wounds
 s - 5 potions of cancellation
 t - 9 potions of lignification
 w - 15 potions of curing
 x - 3 potions of mutation
 B - 10 potions of magic
 C - 2 potions of berserk rage
 D - 5 potions of invisibility
 H - 6 potions of attraction
 I - a potion of resistance
 J - 6 potions of enlightenment
 L - 5 potions of ambrosia
 N - a potion of haste
Miscellaneous
 c - a phantom mirror
 j - a lightning rod (4/4)
 r - a condenser vane
 F - a box of beasts


   Skills:
 + Level 25.7 Fighting
 - Level 5.4(10.8) Short Blades
 - Level 15.5(16.0) Long Blades
 - Level 23.0 Armour
 - Level 23.0 Dodging
 - Level 17.0 Evocations


You had 25 spell levels left.
You didn't know any spells.
Your spell library was empty.

Dungeon Overview and Level Annotations

Branches:
Dungeon (15/15)            Temple (0/1) D:5            Lair (5/5) D:9
 Shoals (4/4) Lair:2        Snake (4/4) Lair:3        Slime (0/5) Lair:5
    Orc (2/2) D:9             Elf (0/3) Orc:2        Vaults (5/5) D:13
  Crypt (0/3) Vaults:3     Depths (4/4) D:15            Zot (5/5) Depths:4
Ossuary (visited)         Volcano (visited)

Altars:
Cheibriados
Elyvilon
Hepliaklqana
Okawaru
Qazlal
Sif Muna
Trog
Uskayaw
Xom
Yredelemnul
The Shining One
Beogh
Jiyva

Shops:
D:10 (   D:12 (   Orc:1 :   Orc:2 [!?[((   Shoals:1 =   Shoals:3 :   Vaults:1 (
Vaults:2 [   Vaults:5 ???!   Zot:5 *

Portals:
Hell: Depths:1 Depths:2 Depths:3 Depths:4
Abyss: Depths:1 Depths:2 Depths:3
Pandemonium: Depths:2
Ziggurat: Depths:3

Annotations:
D:4 2 transporters
Shoals:3 3 runed translucent doors
Snake:2 1 runed translucent door, 6 transporters, avangion's ghost, adept DjCj
Depths:1 1 runed translucent door
Zot:5 1 exclusion


Innate Abilities, Weirdness & Mutations

You can wield a second weapon in your off-hand.
It takes a long time for you to wield or remove held weapons.
Your first few attacks do less damage.
You cannot equip rings or amulets.
You have a pair of small horns on your head.
You possess an exceptional clarity of mind.
You are frail. (-10% HP)
You are resistant to electric shocks. (rElec)
You have hidden genetic potential.
Potions are less effective at restoring your health.
You are vulnerable to heat. (rF-)
Your spells are a little easier to cast, but a little less powerful.
You sometimes lose the ability to read scrolls when taking damage.
You passively dampen the noise of your surroundings.


Message History

A rust devil comes into view.
The rust devil screeches!
There is an open door here.
Things that are here:
a +0 robe; a +2 whip of flaming
There is a stone staircase leading up here.
You climb upwards.
There is a stone staircase leading down here.
What level of the Dungeon? (default 1, ? - help)
There is a stone staircase leading up here.
You climb upwards.
There is a stone staircase leading down here.
There is a stone staircase leading up here.
You climb upwards.
There is a stone staircase leading down here.
There is a stone staircase leading up here.
You climb upwards.
Level annotation: 2 transporters
There is a stone staircase leading down, spattered with blood here.
Things that are here:
a +0 spear; a gnoll skeleton
There is a stone staircase leading up here.
You climb upwards.
There is a stone staircase leading down here.
There is a stone staircase leading up here.
You climb upwards.
There is a stone staircase leading down here.
There is a stone staircase leading up here.
You climb upwards.
There is a stone staircase leading down here.
You feel yourself speed up.
Aiming: Dig
Press: ? - help, Shift-Dir - straight line A rock wall.
This square is covered in magical glow.
The rock shatters into small pieces.
A dart slug comes into view.
There is a staircase leading out of the dungeon here.
Unknown command.
You have escaped!

#####'##.#.#####.##.###.##
#...."...#.......##.##.##
#........#.##..####...##
#........#####'#####.##
#.....S.##......4....#
#######.##.........#.#
#.##..⌠...⌠..#.#
#.##.........#.#
#..÷....@....+.#
####.........#.#
#..⌠...⌠..#.#
#.........#.#
#)........#.#
#####'#####.# #.......#
#########


You could see a hellwing.

Vanquished Creatures
  2 dread liches
  Tiamat (Zot:3)
  2 ancient liches
  Mennas (Vaults:4)
  12 orbs of fire
  A juggernaut (Depths:3)
  Sojobo (Vaults:2)
  3 Killer Klowns (Zot:5)
  3 curse toes
  Margery (Vaults:4)
  The ghost of Keaj the Victor of a Thousand Battles, a veteran GnWn of Okawaru (Depths:2)
  9 golden dragons
  3 bone dragons (Depths:4)
  Norris (Vaults:2)
  3 electric golems
  Zenata (Vaults:4)
  22 tentacled monstrosities
  Asterion (Depths:2)
  25 Orb Guardians (Zot:5)
  5 titans (Vaults:5)
  A walking earthen tome (Depths:2)
  6 quicksilver dragons
  5 sphinxes
  The ghost of Lunacym the Warrior, an adept DsWn of Xom (Shoals:3)
  A searing wretch (Vaults:4)
  11 death cobs
  A kraken (Shoals:4)
  9 storm dragons
  Gastronok (D:11)
  4 protean progenitors
  8 shadow dragons
  9 tengu reavers
  6 nagarajas (Snake:4)
  11 draconian monks
  Ilsuiw (Shoals:4)
  2 iron dragons
  A deep elf sorcerer (Vaults:5)
  10 fire giants
  6 draconian knights
  12 frost giants
  26 vault wardens
  A balrug (Depths:1)
  4 draconian shifters
  18 ironbound preservers
  A ghost moth (Zot:4)
  4 draconian scorchers
  2 draconian stormcallers
  6 draconian annihilators
  2 broodmothers (Zot:4)
  15 stone giants
  3 formless jellyfish
  10 ironbound thunderhulks
  12 very ugly things
  A vampire knight (Depths:2)
  8 black draconians
  2 deep elf death magi
  3 deep elf demonologists (Vaults:5)
  9 green draconians
  A minotaur (Lair:4)
  Nessos (D:12)
  The ghost of Agan the Black Belt, a journeyman MeSh (Lair:4)
  2 war gargoyles (Vaults:5)
  4 demonspawn black suns (Zot:4)
  4 dire elephants (Vaults:3)
  6 purple draconians
  8 yellow draconians
  8 red draconians
  5 spark wasps
  9 white draconians
  8 merfolk javelineers
  Josephine (D:12)
  An eidolon (Depths:1)
  2 crystal guardians (Vaults:3)
  8 fire dragons
  14 ettins
  3 deep elf high priests
  15 yaktaur captains
  9 merfolk impalers
  An entropy weaver (Vaults:1)
  2 spectral krakens (Shoals:2)
  30 vault guards
  8 great orbs of eyes
  A hell beast (Depths:1)
  5 hydras
  Harold (Lair:1)
  2 ghost crabs (Shoals:2)
  A peacekeeper (Vaults:3)
  3 rakshasas
  3 salamander tyrants
  6 ogre magi
  A spriggan air mage (Depths:4)
  Erica (Lair:1)
  13 ice dragons
  4 merfolk aquamancers
  A catoblepas (D:13)
  9 centaur warriors
  8 ironbound frosthearts
  A death knight (D:15)
  2 radroaches (Zot:1)
  27 two-headed ogres
  8 boulder beetles
  11 death yaks (Lair:5)
  3 satyrs
  16 anacondas
  A titan zombie (Vaults:5)
  8 deep troll shamans
  7 tengu warriors
  3 merfolk avatars
  7 deep troll earth magi
  Urug (Lair:2)
  11 hell knights
  3 occultists
  15 naga sharpshooters
  A deep elf knight (D:15)
  4 spriggan berserkers
  4 vampire magi
  8 naga warriors
  A shock serpent (shapeshifter) (Depths:4)
  9 shock serpents
  Sonja (Lair:4)
  8 skysharks
  A sea snake (shapeshifter) (Depths:3)
  43 deep trolls
  8 salamander mystics
  A skyshark (shapeshifter) (Vaults:4)
  9 iron trolls
  21 mana vipers
  A deep troll (shapeshifter) (Depths:1)
  An arcanist (Vaults:3)
  11 ironbound convokers
  4 sea snakes
  An obsidian statue (Zot:5)
  A flayed ghost (Vaults:5)
  A tengu zombie (Vaults:5)
  2 orange crystal statues
  2 glowing orange brains
  10 lindwurms
  A thermic dynamo (D:15)
  Pikel (D:8)
  14 naga ritualists
  6 necromancers
  7 phantasmal warriors
  A golden dragon skeleton (Depths:2)
  A deep elf pyromancer (D:13)
  2 orc knights
  22 salamanders
  22 harpies
  A frost giant zombie (Depths:2)
  2 wolf spiders
  21 ugly things
  An orc sorcerer (Orc:2)
  8 cyclopes
  Maurice (D:7)
  8 fauns
  33 moths of wrath
  20 manticores
  6 meliai
  6 merfolk sirens
  6 guardian serpents
  13 naga magi
  Joseph (D:7)
  14 vault sentinels
  A frost giant skeleton (Depths:2)
  A spectral sea snake (Shoals:2)
  5 torpor snails (Lair:5)
  45 black mambas
  6 water nymphs
  19 cane toads
  2 gargoyles
  A stone giant skeleton (Vaults:2)
  An elf zombie (Vaults:2)
  An unseen horror (D:11)
  An efreet (D:8)
  34 yaktaurs
  3 freezing wraiths
  2 rime drakes
  13 komodo dragons
  2 spectral water nymphs (Shoals:2)
  3 tengu conjurers
  A yaktaur (shapeshifter) (D:14)
  A spectral harpy (Shoals:2)
  6 trolls
  A human skeleton (Vaults:5)
  A queen bee (shapeshifter) (D:14)
  35 merfolk
  A polar bear (Lair:2)
  14 hornets
  7 wind drakes
  4 tyrant leeches (Lair:5)
  A tarantella (shapeshifter) (D:15)
  5 dream sheep
  2 spectral manticores (Shoals:2)
  22 blink frogs
  38 slime creatures
  15 snapping turtles
  11 wraiths
  A ynoxinul (D:14)
  A vampire (D:11)
  A slime creature (shapeshifter) (Vaults:5)
  7 water elementals
  3 spriggans
  23 wyverns
  A shadow (D:12)
  39 yaks
  11 fire bats (Volcano)
  A golden eye (shapeshifter) (D:13)
  Grum (D:11)
  4 basilisks
  2 steam dragons (Volcano)
  3 redbacks (Lair:5)
  A human simulacrum (Vaults:2)
  4 vampire mosquitoes
  43 nagas
  6 acid dragons
  A human zombie (Vaults:5)
  4 hydra simulacra (Lair:5)
  25 water moccasins
  A wyvern (shapeshifter) (Vaults:5)
  2 glowing shapeshifter skeletons
  2 black bears
  A laughing skull (Vaults:3)
  14 orc warriors
  23 ogres
  2 sky beasts
  An ice beast (D:7)
  37 wolves
  A boggart (Vaults:1)
  23 centaurs
  3 kobold brigands
  A lemure (D:8)
  A phantom (D:7)
  A weeping skull (Ossuary)
  10 bullfrogs
  2 scorpions (D:4)
  6 water moccasin zombies
  A glowing shapeshifter simulacrum (Vaults:2)
  3 wights (D:10)
  4 elephant simulacra (Lair:5)
  9 killer bees
  3 jellies
  8 howler monkeys
  5 electric eels (D:9)
  8 hounds
  13 orc priests
  A gnoll bouda (D:7)
  2 sleepcaps (D:7)
  Ijyb (D:4)
  6 iguanas
  23 orc wizards
  A scorpion zombie (D:4)
  Natasha (twice) (D:4)
  A hell rat (Lair:5)
  2 crocodile zombies (Ossuary)
  A hound zombie (D:4)
  2 mummies (Ossuary)
  6 gnolls
  6 adders
  2 shadow imps
  A white imp (D:6)
  3 hell rat simulacra (Lair:5)
  6 adder zombies
  3 dart slugs (D:1)
  2 ribbon worms
  59 orcs
  4 ball pythons
  13 endoplasms
  2 giant cockroaches
  10 gnoll zombies (Ossuary)
  7 goblins
  3 hobgoblins
  6 jackals
  15 kobolds
  2 quokkas
  3 bats
  5 frilled lizards
  3 jackal zombies (Ossuary)
  6 orc zombies (Ossuary)
  5 rats
  An aspiring flesh (Zot:1)
  4 tentacles
1927 creatures vanquished.

Vanquished Creatures (collateral kills)
  An ancient lich (Zot:5)
  An orb of fire (Zot:5)
  A tengu reaver (Vaults:5)
  An ettin (Vaults:5)
  A naga warrior (Snake:4)
  A water nymph (Shoals:4)
  A merfolk siren (Shoals:4)
  A yaktaur (Vaults:5)
  A naga (Snake:4)
9 creatures vanquished.

Vanquished Creatures (others)
  A quicksilver dragon (Zot:3)
  A death cob (Zot:4)
  A draconian knight (Zot:3)
  A vault guard (Vaults:5)
  An ice dragon (Depths:3)
  A skyshark (Vaults:2)
  A harpy (Shoals:1)
  A merfolk (Shoals:2)
  25 tentacles
33 creatures vanquished.

Grand Total: 1969 creatures vanquished

Notes
Turn   | Place    | Note
-------+----------+-------------------------------------------
     0 | D:1      | ayayaya the Coglin Berserker began the quest for the Orb.
     0 | D:1      | Reached XP level 1. HP: 18/18 MP: 1/1
   205 | D:1      | Reached XP level 2. HP: 10/24 MP: 2/2
   421 | D:1      | Reached XP level 3. HP: 29/29 MP: 3/3
   991 | D:2      | Reached ** piety under Trog
  1221 | D:2      | Reached XP level 4. HP: 35/35 MP: 4/4
  1486 | D:3      | Identified the +4 dagger of Cymewij {vamp, rElec rN++}
  1583 | D:3      | Found a shimmering blue altar of Sif Muna.
  1588 | D:3      | Found a bloodstained altar of Trog.
  1910 | D:3      | Reached skill level 4 in Fighting
  1910 | D:3      | Reached XP level 5. HP: 40/42 MP: 5/5
  2191 | D:4      | Reached skill level 5 in Long Blades
  2381 | D:4      | Reached XP level 6. HP: 48/48 MP: 6/6
  2536 | D:4      | Noticed Natasha
  2539 | D:4      | Found a transporter.
  2542 | D:4      | Killed Natasha
  2581 | D:4      | Found a white marble altar of Elyvilon.
  2599 | D:4      | Found a basalt altar of Yredelemnul.
  2607 | D:4      | Reached XP level 7. HP: 46/54 MP: 7/7
  2691 | D:4      | Found a transporter.
  3008 | D:4      | Noticed Natasha
  3050 | D:4      | Killed Natasha
  3106 | D:4      | Noticed Ijyb
  3114 | D:4      | Killed Ijyb
  3115 | D:4      | Reached skill level 5 in Fighting
  3321 | D:5      | Entered Level 5 of the Dungeon
  3483 | D:5      | Found an iron altar of Okawaru.
  3546 | D:5      | Found a sand-covered staircase.
  3559 | D:5      | Reached XP level 8. HP: 58/62 MP: 8/8
  3573 | Ossuary  | Entered an ossuary
  3634 | Ossuary  | Reached skill level 5 in Dodging
  3715 | Ossuary  | Reached *** piety under Trog
  3759 | Ossuary  | Reached skill level 6 in Fighting
  3853 | D:5      | Found a snail-covered altar of Cheibriados.
  4095 | D:5      | Found a staircase to the Ecumenical Temple.
  4452 | D:6      | Reached XP level 9. HP: 69/69 MP: 9/9
  5186 | D:7      | Reached skill level 7 in Fighting
  5329 | D:7      | Noticed Joseph
  5494 | D:7      | Killed Joseph
  5560 | D:7      | Reached skill level 8 in Fighting
  6091 | D:8      | Reached XP level 10. HP: 80/80 MP: 10/10
  6106 | D:7      | Noticed Maurice
  6236 | D:8      | Reached skill level 5 in Armour
  6293 | D:8      | Reached **** piety under Trog
  6429 | D:8      | Noticed Pikel
  6446 | D:8      | Killed Pikel
  6447 | D:8      | Reached skill level 10 in Long Blades
  6644 | D:8      | Found a glowing golden altar of the Shining One.
  6872 | D:7      | Killed Maurice
  7102 | D:9      | Found a hide-covered altar of Uskayaw.
  7157 | D:9      | Reached skill level 9 in Fighting
  7484 | D:9      | Reached XP level 11. HP: 89/89 MP: 11/11
  7924 | D:9      | Found Kaedgh's Magic Scroll Boutique.
  7982 | D:9      | Found a hazy altar of Hepliaklqana.
  8155 | D:9      | Found a staircase to the Lair.
  8276 | D:9      | Found a staircase to the Orcish Mines.
  8382 | Lair:1   | Entered Level 1 of the Lair of Beasts
  8656 | Lair:1   | Reached skill level 10 in Fighting
  8705 | Lair:1   | Noticed Erica
  8715 | Lair:1   | Killed Erica
  9091 | Lair:1   | Noticed Harold
  9101 | Lair:1   | Killed Harold
  9697 | Lair:2   | Reached XP level 12. HP: 56/97 MP: 12/12
 10145 | Lair:2   | Noticed Urug
 10172 | Lair:2   | Killed Urug
 10325 | Lair:2   | Reached skill level 1 in Evocations
 10563 | Lair:2   | Noticed a skyshark
 10575 | Lair:2   | Killed a skyshark
 11125 | Lair:2   | Noticed a five-headed hydra
 11139 | Lair:2   | Killed a one-headed hydra
 11203 | Lair:2   | Reached skill level 11 in Fighting
 11314 | Lair:2   | Found a staircase to the Shoals.
 11804 | Lair:3   | Found a staircase to the Snake Pit.
 12235 | Lair:3   | Noticed a skyshark
 12247 | Lair:3   | Killed a skyshark
 12274 | Lair:3   | Reached XP level 13. HP: 77/106 MP: 13/13
 12380 | Lair:3   | Reached skill level 1 in Short Blades
 12846 | Lair:4   | Noticed Sonja
 13372 | Lair:4   | Killed Sonja
 13373 | Lair:4   | Reached skill level 5 in Short Blades
 13735 | Lair:4   | Noticed a minotaur
 13736 | Lair:4   | Noticed Agan's ghost (journeyman MeSh)
 14226 | Lair:4   | Found a runed translucent gate.
 14226 | Lair:4   | Found a runed translucent gate.
 14227 | Lair:4   | Found a runed translucent gate.
 14385 | Lair:5   | Entered Level 5 of the Lair of Beasts
 14419 | Lair:5   | Reached skill level 10 in Armour
 14918 | Lair:5   | Reached skill level 10 in Dodging
 15110 | Lair:5   | Reached ***** piety under Trog
 15215 | Lair:5   | Reached XP level 14. HP: 114/114 MP: 14/14
 15296 | Lair:5   | Reached skill level 12 in Fighting
 15340 | Lair:5   | Found a viscous altar of Jiyva.
 15395 | Lair:5   | Found a staircase to the Slime Pits.
 15433 | Lair:5   | Paralysed by a hornet for 3 turns
 16693 | Lair:5   | Reached skill level 13 in Fighting
 18003 | Orc:1    | Entered Level 1 of the Orcish Mines
 18074 | Orc:1    | Found a roughly hewn altar of Beogh.
 18342 | Orc:1    | Found Ystretuf's Book Shoppe.
 18535 | Orc:1    | Found a roughly hewn altar of Beogh.
 18654 | Orc:2    | Entered Level 2 of the Orcish Mines
 18654 | Orc:2    | Found a staircase to the Elven Halls.
 18654 | Orc:2    | Found Oliawnuj's Weapon Emporium.
 18685 | Orc:2    | Found Zyr Xeacs's Armour Shop.
 18685 | Orc:2    | Found Atadgh's Magic Scroll Emporium.
 18760 | Orc:2    | Found a dark tunnel.
 18781 | Volcano  | Entered a volcano
 19052 | Volcano  | Reached skill level 14 in Fighting
 19082 | Volcano  | Reached XP level 15. HP: 109/126 MP: 15/15
 19503 | Orc:2    | Found Ubriut Dovul's Firing Range.
 20149 | Orc:2    | Found Ykha's Distillery.
 20149 | Orc:2    | Found Woli's Antique Armour Boutique.
 20495 | Orc:2    | Bought 2 potions of haste for 320 gold pieces
 20495 | Orc:2    | Bought a potion of heal wounds for 80 gold pieces
 20495 | Orc:2    | Bought a potion of enlightenment for 80 gold pieces
 20497 | Orc:2    | Bought a scroll of blinking for 112 gold pieces
 20497 | Orc:2    | Bought a scroll of revelation for 112 gold pieces
 20497 | Orc:2    | Bought a scroll of blinking for 112 gold pieces
 20497 | Orc:2    | Bought a scroll of poison for 60 gold pieces
 20562 | D:10     | Entered Level 10 of the Dungeon
 20748 | D:10     | Received a gift from Trog
 21178 | D:10     | Found Juptahil's Antique Weapon Emporium.
 21181 | D:10     | Bought a bloodstained short sword for 160 gold pieces
 21181 | D:10     | Identified the +5 short sword of the Reaper {venom, Will+
                  | Int+3} (You bought it in a shop on level 10 of the Dungeon)
 21466 | D:10     | Acquired a LR-70 gigamatrix {rPois rF+ rCorr Clar RMsl}
 21471 | D:10     | Reached skill level 15 in Fighting
 21486 | D:10     | Reached skill level 5 in Evocations
 21555 | D:10     | Identified the ring "Unlap Aneamm" {rN+ Will+}
 21679 | D:11     | Noticed Grum
 21688 | D:11     | Killed Grum
 21951 | D:11     | Noticed Gastronok
 21962 | D:11     | Killed Gastronok
 22472 | D:12     | Found Quskacs's Weapon Shop.
 22608 | D:12     | Noticed Josephine
 22617 | D:12     | Killed Josephine
 22719 | D:12     | Noticed Nessos
 22745 | D:12     | Killed Nessos
 22746 | D:12     | Reached XP level 16. HP: 83/136 MP: 16/16
 23010 | D:12     | Identified a scroll of acquirement
 23011 | D:12     | Acquired a +2 double sword of holy wrath
 23548 | D:13     | Found a gate to the Vaults.
 23662 | D:13     | Received a gift from Trog
 25038 | D:13     | Reached skill level 15 in Long Blades
 25759 | D:14     | Found a stormy altar of Qazlal.
 26969 | D:15     | Entered Level 15 of the Dungeon
 27485 | D:15     | Identified the +7 lajatang of the Past {drain, rC++ Int-5
                  | Dex+5}
 27694 | D:15     | Noticed a tengu reaver
 27722 | D:15     | Killed a tengu reaver
 27832 | D:15     | Identified the staff of Gallantry {rC+ MP+9 Int+4 Ice}
 27833 | D:15     | Identified the +0 ring mail "Ruenkeg" {+Blink Int+4 Dex-2}
 27834 | D:15     | Identified the staff "Naquasor" {rElec rPois Str-3 Dex+8
                  | Summ Air Earth}
 27984 | D:15     | Found a staircase to the Depths.
 28610 | Snake:1  | Entered Level 1 of the Snake Pit
 28953 | Snake:1  | Reached XP level 17. HP: 140/142 MP: 17/17
 29312 | Snake:1  | Received a gift from Trog
 29982 | Snake:1  | Reached skill level 16 in Fighting
 31216 | Snake:2  | Identified the +4 quick blade "Ceicymig" {chaos, rF+ Str+3
                  | Stlth+}
 31230 | Snake:2  | Found a runed translucent door.
 31230 | Snake:2  | Found a shimmering altar of Xom.
 31230 | Snake:2  | Noticed avangion's ghost (adept DjCj)
 31386 | Snake:2  | Reached skill level 10 in Evocations
 31610 | Snake:2  | Found a transporter.
 31614 | Snake:2  | Found a transporter.
 31790 | Snake:2  | Found a transporter.
 31799 | Snake:2  | Found a transporter.
 31857 | Snake:2  | Found a transporter.
 31903 | Snake:2  | Found a transporter.
 32672 | Snake:3  | Reached skill level 17 in Fighting
 34127 | Snake:3  | Reached skill level 15 in Armour
 34193 | Snake:3  | Reached XP level 18. HP: 154/154 MP: 18/18
 34388 | Snake:4  | Entered Level 4 of the Snake Pit
 34957 | Snake:4  | Upgraded the game from 0.32-a0-975-g85d4e5bfdb to
                  | 0.32-a0-981-g384da2ce10
 35008 | Snake:4  | Received a gift from Trog
 35302 | Snake:4  | Found the crystal ball of Wucad Mu {*channel}
 35340 | Snake:4  | Reached skill level 18 in Fighting
 36687 | Snake:4  | Received a gift from Trog
 37492 | Snake:4  | Got a serpentine rune of Zot
 37905 | Lair:4   | Killed Agan's ghost
 38090 | Shoals:1 | Entered Level 1 of the Shoals
 38260 | Shoals:1 | Found Osiri's Jewellery Shoppe.
 39145 | Shoals:2 | Received a gift from Trog
 39441 | Shoals:2 | Found a transporter.
 39451 | Shoals:2 | Found a transporter.
 39494 | Shoals:2 | Reached XP level 19. HP: 144/163 MP: 19/19
 39831 | Shoals:2 | Reached skill level 15 in Dodging
 40499 | Shoals:3 | Found a runed translucent gate.
 40499 | Shoals:3 | Found a runed translucent gate.
 40499 | Shoals:3 | Found a runed translucent gate.
 40824 | Shoals:3 | Found a transporter.
 40826 | Shoals:3 | Noticed Lunacym's ghost (adept DsWn)
 41096 | Shoals:3 | Found a transporter.
 41419 | Shoals:3 | Found Ygiqylyi's Book Boutique.
 41859 | Shoals:3 | Reached skill level 19 in Fighting
 42162 | Shoals:4 | Entered Level 4 of the Shoals
 42431 | Shoals:4 | Identified the +10 flail of Lies {speed, Dex+6}
 42433 | Shoals:4 | Identified the +10 tower shield of the Lily {rPois Regen+}
 42624 | Shoals:4 | Identified the +9 halberd of the Whelk {freeze, Str+4 Dex+2
                  | Stlth+}
 42654 | Shoals:4 | Received a gift from Trog
 42757 | Shoals:4 | Noticed Ilsuiw
 44192 | Shoals:4 | Killed Ilsuiw
 44202 | Shoals:4 | Reached ****** piety under Trog
 44968 | Shoals:4 | Received a gift from Trog
 45199 | Shoals:4 | Got a barnacled rune of Zot
 45580 | Vaults:1 | Entered Level 1 of the Vaults
 45853 | Vaults:1 | Found Yxaxzac's Weapon Shoppe.
 46331 | Vaults:1 | Paralysed by a formless jellyfish for 1 turns
 46335 | Vaults:1 | Reached XP level 20. HP: 152/174 MP: 20/20
 46852 | Vaults:1 | Received a gift from Trog
 47307 | Vaults:1 | Identified the +1 leather armour "Lecemit" {rCorr Str+3}
 47419 | Vaults:2 | Reached skill level 20 in Fighting
 48060 | Vaults:2 | Noticed Sojobo
 48083 | Vaults:2 | Paralysed by an air elemental for 1 turns
 48100 | Vaults:2 | Killed Sojobo
 48263 | Vaults:2 | Found Moibun's Armour Shoppe.
 48796 | Vaults:2 | Noticed Norris
 48815 | Vaults:2 | Killed Norris
 49062 | Vaults:2 | You fall into a shaft and drop 2 floors!
 49764 | Vaults:3 | Received a gift from Trog
 50496 | Vaults:4 | Noticed Zenata
 50747 | Vaults:4 | Noticed Margery
 50772 | Vaults:4 | Killed Margery
 51145 | Vaults:3 | Reached XP level 21. HP: 130/183 MP: 21/21
 52377 | Vaults:3 | Received a gift from Trog
 52378 | Vaults:3 | Reached skill level 21 in Fighting
 52762 | Vaults:3 | Found a staircase to the Crypt.
 53786 | Vaults:4 | Noticed Mennas
 53814 | Vaults:4 | Killed Mennas
 54302 | Vaults:4 | Acquired a manual of Armour
 54314 | Vaults:4 | Identified the +7 great mace "Mosmui" {freeze, rN+}
 55323 | Vaults:4 | Killed Zenata
 55761 | Shoals:3 | Killed Lunacym's ghost
 55889 | Shoals:3 | Received a gift from Trog
 56024 | Shoals:3 | Identified the +1 helmet "Wagised" {rPois rF++ Will+ Str-5}
 56254 | Shoals:2 | Identified the +4 morningstar of Xiunad {antimagic, rC+}
 56588 | Depths:1 | Entered Level 1 of the Depths
 56592 | Depths:1 | Found a runed translucent door.
 56896 | Depths:1 | Found a gateway to Hell.
 57301 | Depths:1 | Reached XP level 22. HP: 194/194 MP: 22/22
 57390 | Depths:1 | Found a one-way gate to the infinite horrors of the Abyss.
 58400 | Depths:2 | Received a gift from Trog
 59099 | Depths:2 | Noticed Asterion
 59110 | Depths:2 | Killed Asterion
 59571 | Depths:2 | Found a large runed translucent door.
 59571 | Depths:2 | Found a large runed translucent door.
 59572 | Depths:2 | Noticed Keaj's ghost (veteran GnWn)
 60314 | Depths:2 | Noticed a golden dragon
 60357 | Depths:2 | Killed a golden dragon
 61477 | Depths:2 | Found a one-way gate leading to the halls of Pandemonium.
 61606 | Depths:2 | Killed Keaj's ghost
 61610 | Depths:2 | Identified the +6 scale mail of a ziggurat {rPois rCorr}
 61843 | Depths:3 | Received a gift from Trog
 62333 | Depths:3 | Noticed a juggernaut
 62349 | Depths:3 | Killed a juggernaut
 62368 | Depths:3 | Reached skill level 22 in Fighting
 62667 | Depths:3 | Identified the +1 ring mail of Optimism {Int+4}
 62805 | Depths:3 | Found a one-way gateway to a ziggurat.
 63079 | Depths:4 | Entered Level 4 of the Depths
 63126 | Depths:4 | Reached XP level 23. HP: 203/203 MP: 23/23
 63788 | Depths:4 | Identified the +2 robe of Context {rN+}
 64422 | Depths:4 | Received a gift from Trog
 64556 | Depths:4 | Found a gate to the Realm of Zot.
 64943 | Vaults:5 | Entered Level 5 of the Vaults
 64945 | Vaults:5 | Found Guuwkol's Magic Scroll Boutique.
 64955 | Vaults:5 | Reached skill level 15 in Evocations
 64979 | Vaults:5 | Noticed a dread lich
 64986 | Vaults:5 | Killed a dread lich
 65017 | Vaults:5 | Noticed a golden dragon
 65023 | Vaults:5 | Killed a golden dragon
 65414 | Vaults:5 | Identified the +5 plate armour "Qivvoedu" {rF+ Regen+}
 65465 | Vaults:5 | Found the +2 hat of the Bear Spirit {Spirit, Bear, *Rage
                  | Will++}
 66261 | Vaults:5 | Got a silver rune of Zot
 66262 | Vaults:5 | Identified the +0 cloak of Aseunn {rF++ rC++ Regen+}
 66304 | Vaults:5 | Noticed a golden dragon
 66313 | Vaults:5 | Killed a golden dragon
 66335 | Vaults:5 | Identified the +0 chain mail "Fifu" {MP+9 Int+2 Slay+5}
 66337 | Vaults:5 | Identified the +1 glaive "Atwipis" {chaos, rPois rC+ rCorr
                  | Int-4}
 66346 | Vaults:5 | Identified the amulet "Vexkolallo" {Will++ Regen+ Dex-3
                  | Stlth+}
 66380 | Vaults:5 | Received a gift from Trog
 66499 | Vaults:5 | Noticed a golden dragon
 66505 | Vaults:5 | Killed a golden dragon
 66558 | Vaults:5 | Reached XP level 24. HP: 175/212 MP: 17/23
 66754 | Vaults:5 | Identified the +3 robe of Objectivity {Regen+ Str+2 Dex-3}
 66754 | Vaults:5 | Identified the ring "Zokabom" {rF+ Int+4}
 66815 | Vaults:5 | Identified the ring "Yxachurgh" {rElec rF+ rN+ Dex+6}
 66855 | Vaults:5 | Noticed an ancient lich
 66865 | Vaults:5 | Killed an ancient lich
 66866 | Vaults:5 | Reached skill level 23 in Fighting
 66873 | Vaults:5 | Found Rasaifell's Distillery.
 66877 | Vaults:5 | Bought a potion of curing for 48 gold pieces
 66877 | Vaults:5 | Bought a potion of heal wounds for 80 gold pieces
 66877 | Vaults:5 | Bought a potion of haste for 160 gold pieces
 66877 | Vaults:5 | Bought a potion of curing for 48 gold pieces
 66877 | Vaults:5 | Bought a potion of cancellation for 128 gold pieces
 66877 | Vaults:5 | Bought a potion of invisibility for 128 gold pieces
 66884 | Vaults:5 | Found Ixza's Magic Scroll Shop.
 66904 | Vaults:5 | Received a gift from Trog
 66914 | Vaults:5 | Bought a scroll of fog for 92 gold pieces
 66938 | Vaults:5 | Found Astrif's Magic Scroll Shop.
 66942 | Vaults:5 | Bought a scroll of fear for 48 gold pieces
 66942 | Vaults:5 | Bought a scroll of poison for 48 gold pieces
 66942 | Vaults:5 | Bought a scroll of enchant armour for 90 gold pieces
 66942 | Vaults:5 | Bought a scroll of fog for 48 gold pieces
 66954 | Vaults:5 | Bought 3 scrolls of fog for 180 gold pieces
 66954 | Vaults:5 | Bought a scroll of teleportation for 45 gold pieces
 66954 | Vaults:5 | Bought a scroll of teleportation for 45 gold pieces
 66954 | Vaults:5 | Bought a scroll of poison for 60 gold pieces
 66954 | Vaults:5 | Bought a scroll of teleportation for 45 gold pieces
 66954 | Vaults:5 | Bought a scroll of revelation for 112 gold pieces
 66954 | Vaults:5 | Bought a scroll of enchant armour for 112 gold pieces
 66954 | Vaults:5 | Bought a scroll of summoning for 142 gold pieces
 67428 | Vaults:5 | Identified the +2 trident "Gustrosat" {protect, rC+ Str+3}
 67431 | Vaults:5 | Identified the +1 cloak of Prudence {rN+ Slay+2}
 67814 | Zot:1    | Entered Level 1 of the Realm of Zot
 67814 | Zot:1    | Noticed an orb of fire
 67826 | Zot:1    | Killed an orb of fire
 69381 | Zot:2    | Received a gift from Trog
 69777 | Zot:2    | Reached skill level 24 in Fighting
 70508 | Zot:3    | Reached XP level 25. HP: 225/225 MP: 23/23
 70515 | Zot:3    | Found the +4 dragonskin cloak {Aegis}
 70515 | Zot:3    | Noticed Tiamat
 70936 | Zot:3    | Reached skill level 25 in Fighting
 71562 | Zot:3    | Killed Tiamat
 71902 | Zot:4    | Received a gift from Trog
 72283 | Zot:4    | Noticed an orb of fire
 72582 | Zot:4    | Identified the +2 mace of Ydoitwua {drain, Will+ Int+3}
 72727 | Zot:4    | Gained mutation: Your magical capacity is low. (-10% MP)
                  | [an orb of fire]
 72733 | Zot:4    | Killed an orb of fire
 73188 | Zot:5    | Entered Level 5 of the Realm of Zot
 73249 | Zot:5    | Found Wisadd's Last-Chance Deals.
 73307 | Zot:5    | Noticed an orb of fire
 73307 | Zot:5    | Gained mutation: You are occasionally teleported next to
                  | monsters. [an orb of fire]
 73324 | Zot:5    | Killed an orb of fire
 73340 | Zot:4    | Lost mutation: You are occasionally teleported next to
                  | monsters. [potion of mutation]
 73340 | Zot:4    | Lost mutation: Your magical capacity is low. (-10% MP)
                  | [potion of mutation]
 73340 | Zot:4    | Gained mutation: You have a pair of small horns on your
                  | head. [potion of mutation]
 73846 | Zot:5    | Noticed an orb of fire
 73870 | Zot:5    | Killed an orb of fire
 73871 | Zot:5    | Reached XP level 26. HP: 134/235 MP: 12/23
 73949 | Zot:5    | Noticed an orb of fire
 73954 | Zot:5    | Gained mutation: You occasionally lose the ability to read
                  | scrolls when taking damage. [an orb of fire]
 73955 | Zot:5    | Gained mutation: You sometimes lose the ability to read
                  | scrolls when taking damage. [an orb of fire]
 73960 | Zot:5    | Killed an orb of fire
 73994 | Zot:5    | Noticed an orb of fire
 73994 | Zot:5    | Gained mutation: You are weak. (Str -2) [an orb of fire]
 73995 | Zot:5    | Noticed a Killer Klown
 73995 | Zot:5    | Noticed an orb of fire
 73995 | Zot:5    | Noticed an orb of fire
 73996 | Zot:5    | Noticed an orb of fire
 74011 | Zot:5    | Gained mutation: You occasionally shout uncontrollably at
                  | your foes. [an orb of fire]
 74016 | Zot:5    | Gained mutation: You are frail. (-10% HP) [an orb of fire]
 74021 | Zot:5    | Killed an orb of fire
 74025 | Zot:5    | Gained mutation: You have an increased reservoir of magic.
                  | (+10% MP) [an orb of fire]
 74028 | Zot:5    | Killed an orb of fire
 74032 | Zot:5    | Killed an orb of fire
 74036 | Zot:5    | Gained mutation: You are clumsy. (Dex -2) [an orb of fire]
 74040 | Zot:5    | Gained mutation: You are dopey. (Int -2) [an orb of fire]
 74046 | Zot:5    | Killed an orb of fire
 74121 | Zot:5    | Killed a Killer Klown
 74166 | Zot:5    | Noticed a Killer Klown
 74192 | Zot:5    | Killed a Killer Klown
 74315 | Zot:5    | Noticed an orb of fire
 74320 | Zot:5    | Noticed an orb of fire
 74325 | Zot:5    | Noticed a dread lich
 74325 | Zot:5    | Noticed an ancient lich
 74325 | Zot:5    | Noticed a Killer Klown
 74325 | Zot:5    | Noticed an orb of fire
 74325 | Zot:5    | Gained mutation: You sometimes lose your temper in combat.
                  | [an orb of fire]
 74327 | Zot:5    | Noticed a Killer Klown
 74327 | Zot:5    | Gained mutation: You are very frail. (-20% HP) [an orb of
                  | fire]
 74362 | Zot:4    | Lost mutation: You are weak. (Str -2) [potion of mutation]
 74362 | Zot:4    | Lost mutation: You sometimes lose your temper in combat.
                  | [potion of mutation]
 74362 | Zot:4    | Lost mutation: You occasionally shout uncontrollably at
                  | your foes. [potion of mutation]
 74363 | Zot:4    | Lost mutation: You are dopey. (Int -2) [potion of mutation]
 74363 | Zot:4    | Lost mutation: You are very frail. (-20% HP) [potion of
                  | mutation]
 74363 | Zot:4    | Lost mutation: You are frail. (-10% HP) [potion of
                  | mutation]
 74363 | Zot:4    | Gained mutation: You have hidden genetic potential. [potion
                  | of mutation]
 74363 | Zot:4    | Gained mutation: You have great hidden genetic potential.
                  | [potion of mutation]
 74564 | Zot:5    | Gained mutation: Your spells are a little easier to cast,
                  | but a little less powerful. [an orb of fire]
 74566 | Zot:5    | Gained mutation: Potions are less effective at restoring
                  | your health. [an orb of fire]
 74567 | Zot:5    | Gained mutation: You are frail. (-10% HP) [an orb of fire]
 74571 | Zot:5    | Gained mutation: You are very frail. (-20% HP) [an orb of
                  | fire]
 74572 | Zot:5    | Noticed an orb of fire
 74572 | Zot:5    | Noticed an ancient lich
 74574 | Zot:5    | Killed an orb of fire
 74582 | Zot:5    | Killed an ancient lich
 74584 | Zot:5    | Gained mutation: Your spells are easier to cast, but less
                  | powerful. [an orb of fire]
 74809 | Zot:5    | Gained mutation: You passively dampen the noise of your
                  | surroundings. [an orb of fire]
 74812 | Zot:5    | Gained mutation: Your health recovers twice as slowly from
                  | being drained. [an orb of fire]
 74814 | Zot:5    | Gained mutation: You do not regenerate when monsters are
                  | visible. [an orb of fire]
 74821 | Zot:5    | Killed an orb of fire
 74827 | Zot:5    | Lost mutation: You have an increased reservoir of magic.
                  | (+10% MP) [an orb of fire]
 74828 | Zot:5    | Gained mutation: You are very clumsy. (Dex -4) [an orb of
                  | fire]
 74831 | Zot:5    | Killed an orb of fire
 74899 | Zot:5    | Lost mutation: You have a pair of small horns on your head.
                  | [potion of mutation]
 74899 | Zot:5    | Lost mutation: You have great hidden genetic potential.
                  | [potion of mutation]
 74899 | Zot:5    | Lost mutation: Your health recovers twice as slowly from
                  | being drained. [potion of mutation]
 74899 | Zot:5    | Gained mutation: You possess an exceptional clarity of
                  | mind. [potion of mutation]
 74925 | Zot:5    | Lost mutation: You are very clumsy. (Dex -4) [potion of
                  | mutation]
 74925 | Zot:5    | Lost mutation: You do not regenerate when monsters are
                  | visible. [potion of mutation]
 74925 | Zot:5    | Lost mutation: You are very frail. (-20% HP) [potion of
                  | mutation]
 74925 | Zot:5    | Gained mutation: You have a pair of small horns on your
                  | head. [potion of mutation]
 74925 | Zot:5    | Gained mutation: You are resistant to electric shocks.
                  | (rElec) [potion of mutation]
 75107 | Zot:5    | Killed an ancient lich
 75138 | Zot:5    | Killed a Killer Klown
 75148 | Zot:5    | Gained mutation: You are vulnerable to heat. (rF-) [an orb
                  | of fire]
 75154 | Zot:5    | Killed an orb of fire
 75310 | Zot:5    | Killed a dread lich
 75505 | Zot:5    | Lost mutation: Your spells are easier to cast, but less
                  | powerful. [potion of mutation]
 75505 | Zot:5    | Lost mutation: You are clumsy. (Dex -2) [potion of
                  | mutation]
 75506 | Zot:5    | Got the Orb of Zot
 75756 | D:14     | Noticed Eqeomex the pandemonium lord
 75925 | D:$      | Escaped with the Orb!

Illustrated notes

Levels and vault maps discovered:
D:1:      mushboom_english_gardens, layout_basic
D:2:      layout_rooms, minivault_27, hangedman_decor_clover_reticule,
          ebering_dispersal_statue_hall, minmay_fractal_squares_gapless_5
D:3:      layout_rooms, hellmonk_overflow_destroyed_library,
          serial_bayou_lagoon_a, kennysheep_doodads, serial_bayou_ford_a,
          wander_ebering_terrifying_dragon_lair
D:4:      layout_gridville, nicolae_yredelemnul_corpse_copse, elyvilon_altar_4,
          dk_noncrumbling_2, uniq_ijyb, uniq_natasha
D:5:      layout_cave_pools, mainiacjoe_overflow_paths, okawaru_gym_becter,
          minmay_temple_entry_waves, nicolae_ossuary_entry_ruins
D:6:      layout_basic
D:7:      layout_basic, uniq_joseph, uniq_maurice
D:8:      minmay_flawed_box, layout_gridville, mainiacjoe_overflow_alcove_1,
          kennysheep_just_a_vault, uniq_pikel
D:9:      layout_gridville, marbit_many_paths, overflow_temple_1_default,
          erik_lair_island, serial_shops, shop
D:10:     minmay_cornered_nines, layout_rooms, serial_shops,
          nicolae_shop_behind_doors, nzn_random_ring
D:11:     layout_loops_ring, uniq_grum, uniq_gastronok
D:12:     layout_roguey, serial_shops, nicolae_shop_advertising_works
          [nicolae_subvault_shop_adworks], uniq_josephine, uniq_nessos
D:13:     layout_grid_maze, skrybe_vaults_entry_preservation
D:14:     layout_layer_cave, minmay_misc_feat_cross,
          nicolae_qazlal_scattered_showers
D:15:     grunt_enter_depths_snipers, layout_basic,
          minmay_checkered_concentric_circles
Lair:1:   layout_cellular_growth, grunt_megastairs_1, uniq_erica, uniq_harold
Lair:2:   layout_roguey, minmay_shoals_entry_centaurs, nicolae_lair_lil_pond,
          lemuel_fruit_fields, infiniplex_staircase_pool, grunt_megastairs_4,
          uniq_urug
Lair:3:   layout_gridlike, guppyfry_snake_entry_garden, st_stairs_5,
          serial_bayou_shore_b
Lair:4:   layout_gridlike, maelrawn_ghost_gauntlet_escape,
          nicolae_lair_run_with_the_wolves, serial_bayou_shore_a, uniq_sonja
Lair:5:   wormcave, layout_gridlike, hangedman_lair_tendril_chambers,
          nicolae_slime_entry_slimehenge, chequers_serial_rivers_micro_c,
          eino_house_with_fridge
Shoals:1: layout_shoals, serial_shops, nicolae_shop_tiny_glass
Shoals:2: gammafunk_sealed_arena, layout_shoals, nicolae_shoals_spectral_cove
Shoals:3: layout_shoals, serial_shops,
          nicolae_shop_temple_entry_statues_fountains,
          gammafunk_ghost_berserking_beasts, nicolae_shoals_beach_cooler
Shoals:4: shoals_end_hangedman, layout_shoals, shoal_ilsuiw
Snake:1:  layout_grid_maze
Snake:2:  layout_honeycomb, ebering_ghost_xom, serial_nicolae_subway,
          nicolae_sub_station_metal, nicolae_sub_station_stone,
          nicolae_sub_station_crystal
Snake:3:  layout_cave_town, nicolae_snake_boneroom
Snake:4:  johnstein_snake_rune_scales, layout_cave_pods
Orc:1:    layout_diamond_mine, basic_altar, serial_shops, shop,
          minmay_orc_temple_a
Orc:2:    st_orc_ogre_mass, layout_diamond_mine, serial_shops,
          nicolae_shop_scrapyard, enter_volcano_1, nicolae_orc_crystal_seam,
          nicolae_shop_firing_range
Vaults:1: nicolae_vaults_statue_guard, nicolae_vaults_what_the_h,
          nicolae_vaults_more_shelving_1, nicolae_vaults_offset_grid_hallway_1,
          ontoclasm_vaults_shuriken, nicolae_vaults_tetromino_Z_1,
          ontoclasm_vaults_ring_square, hangedman_vaults_restitches,
          nicolae_vaults_border_crossing, layout_vaults_quadrants, serial_shops,
          nicolae_shop_bloodbath_and_beyond
Vaults:2: nicolae_vaults_alarming, nicolae_vaults_back_hallway,
          nicolae_vaults_little_squares_1, nicolae_vaults_house_2,
          nicolae_vaults_sightless_eye, nicolae_vaults_stairing_the_circle,
          nicolae_vaults_trapezoid_3, grunt_vaults_diagonal,
          nicolae_vaults_closet_pinwheel_3, nicolae_vaults_tetromino_Z_2,
          layout_vaults_maze_snakey, serial_shops, shop, uniq_norris,
          uniq_sojobo
Vaults:3: nicolae_vaults_little_squares_3, v_pattern_1,
          nicolae_vaults_bisected_inception, st_quartered_hall,
          minmay_crypt_entry_simple_plaza, nicolae_vaults_doubleplus_tesselated,
          hangedman_vaults_pinch, hangedman_vaults_variations,
          hangedman_vaults_stitches, nicolae_vaults_tetromino_Z_2,
          nicolae_vaults_closet_pinwheel_1, nicolae_vaults_double_plus_2,
          layout_vaults_omnicross
Vaults:4: nicolae_vaults_closet_pinwheel_3, ontoclasm_vaults_gallery,
          nicolae_vaults_tangram_1, ontoclasm_vaults_eye, grunt_vaults_funnel,
          hangedman_vaults_capsules, vaults_room_corners,
          nicolae_vaults_turnstiles, serial_library_hellmonk_open_square,
          ontoclasm_vaults_ring_small, nicolae_vaults_tetromino_Z_2,
          layout_vaults_chaotic_city, uniq_zenata, uniq_mennas, uniq_margery
Vaults:5
Depths:1: layout_honeycomb, chequers_serial_rivers_small_b,
          grunt_mini_vestibule, abyss_entry, grunt_decor_one_mirror,
          minmay_acid_items
Depths:2: four-leaf_vault, layout_cave_shapes, pan_entry,
          pf_vacation_house_of_asmodeus, ebering_ghost_disaster_area,
          grunt_decor_resistance, abyss_entry_crystal, firewood_loft,
          infiniplex_staircase_split_hallway, uniq_asterion
Depths:3: kennysheep_ambush_hall, layout_gridlike, enter_ziggurat_d,
          chequers_serial_rivers_room_a, hangedman_abyss_entry_splay,
          hangedman_coc_ice_floe, serial_bayou_crossing,
          minmay_staircase_statues_hall_small
Depths:4: grunt_zot_entry_bicorn, layout_gridlike, grunt_hell_entry_dis_grunt,
          dk_noncrumbling_4
Zot:1:    layout_basic
Zot:2:    layout_twisted_circle, uniq_grunn
Zot:3:    kennysheep_room_grid, layout_gridlike, regret_index_zotdec_bone_old,
          bh_zot_ikea_curve, lemuel_elevator, uniq_tiamat
Zot:4:    dreamdust_black_sun_cult, layout_onion
Zot:5:    layout_cathedral_of_symmetry, hellmonk_bargain_basement

Skill      XL: |  1  2  3  4  5  6  7  8  9 10 11 12 13 14 15 16 17 18 19 20 21 22 23 24 25 26 |
---------------+-------------------------------------------------------------------------------+-----
Long Blades    | 4 5 6 8 9 10 11 14 15 | 15.5
Dodging        | 2 3 4 5 7 8 9 10 11 12 13 14 16 17 18 19 20 21 23 | 23.0
Fighting       | 4 5 6 8 9 10 11 14 15 17 18 19 20 21 22 24 25 | 25.7
Armour         | 3 6 7 8 10 11 13 14 15 16 17 18 19 21 23 | 23.0
Evocations     | 2 4 9 10 12 17 | 17.0
Short Blades   | 5 |  5.4

Action                     |  1- 3 |  4- 6 |  7- 9 | 10-12 | 13-15 | 16-18 | 19-21 | 22-24 | 25-27 || total
---------------------------+-------+-------+-------+-------+-------+-------+-------+-------+-------++-------
  Melee: Falchion          |    66 |    73 |   321 |    19 |       |       |       |       |       ||   479
         Dagger            |    58 |    75 |   309 |   470 |  1118 |  1550 |  2013 |  1258 |   705 ||  7556
         Scimitar          |       |       |       |   495 |  1221 |    51 |       |       |       ||  1767
         Double sword      |       |       |       |       |       |  1599 |  2158 |  1378 |   830 ||  5965
         Headbutt          |       |       |       |       |       |       |       |       |   118 ||   118
  Throw: Stone             |       |     4 |       |       |       |       |       |       |       ||     4
         Dart              |       |       |     4 |    25 |    42 |    12 |     8 |     7 |     1 ||    99
         Throwing net      |       |       |       |       |     2 |       |     5 |       |       ||     7
         Javelin           |       |       |       |       |       |       |       |       |     1 ||     1
 Invoke: Berserk           |     3 |     2 |    17 |    21 |    19 |    13 |     9 |     9 |    11 ||   104
         Trog's Hand       |       |     3 |     5 |    13 |    10 |     7 |     5 |     3 |     4 ||    50
         Brothers in Arms  |       |       |       |       |       |     3 |     3 |     1 |     2 ||     9
Ability: Invent Gizmo      |       |       |       |       |     1 |       |       |       |       ||     1
  Evoke: Wand              |       |       |       |     4 |    11 |     2 |     6 |     3 |    10 ||    36
         Phantom mirror    |       |       |       |       |     1 |       |     2 |     1 |       ||     4
         Condenser vane    |       |       |       |       |       |       |     2 |     1 |       ||     3
    Use: Scroll            |       |     7 |     6 |     3 |    18 |     9 |    11 |    23 |    23 ||   100
         Potion            |       |       |     1 |     1 |     2 |     1 |     8 |    12 |    31 ||    56
   Stab: Sleeping          |     1 |       |       |       |       |       |     1 |       |     1 ||     3
         Paralysed         |       |       |       |       |    15 |       |     4 |       |       ||    19
         Held in net/web   |       |       |       |       |     2 |       |     6 |       |       ||     8
         Invisible         |       |       |       |       |       |       |     4 |       |       ||     4
         Distracted        |       |       |       |       |       |       |     4 |       |       ||     4
 Armour: Animal skin       |    20 |       |       |       |       |       |       |       |       ||    20
         Ring mail         |     9 |    37 |   163 |   311 |    56 |       |       |       |       ||   576
         Scale mail        |       |       |       |       |   183 |       |       |       |       ||   183
         Leather armour    |       |       |       |       |    99 |       |       |       |       ||    99
         Chain mail        |       |       |       |       |   220 |  1338 |   497 |       |       ||  2055
         Quicksilver drago |       |       |       |       |       |       |   737 |   317 |       ||  1054
         Ice dragon scales |       |       |       |       |       |       |       |   784 |   845 ||  1629
  Dodge: Dodged            |    28 |    31 |   142 |   265 |   523 |   845 |  1376 |  1090 |   748 ||  5048
         Repelled          |       |       |       |       |    14 |   119 |    98 |    73 |    98 ||   402

Table legend: (Time is in decaauts)
 A = Elapsed time spent in this place.
 B = Non-inter-level travel time spent in this place.
 C = Inter-level travel time spent in this place.
 D = Time resting spent in this place.
 E = Time spent auto-exploring this place.
 F = Levels seen in this place.
 G = Mean time per level.
                   A        B        C        D        E       F      G
               +--------+--------+--------+--------+--------+-----+--------+
         Total |  74655 |  69024 |   5631 |  18943 |  32302 |  46 | 1622.9 |
       Dungeon |  17062 |  15308 |   1754 |   2476 |   9430 |  15 | 1137.5 |
          Lair |  10589 |   9683 |    906 |   3392 |   4061 |   5 | 2117.8 |
        Shoals |   7751 |   7126 |    625 |   2563 |   2846 |   4 | 1937.8 |
     Snake Pit |   8632 |   8179 |    453 |   3072 |   3340 |   4 | 2158.0 |
  Orcish Mines |   1751 |   1625 |    126 |    193 |    948 |   2 |  875.5 |
        Vaults |  12105 |  11281 |    824 |   3361 |   4124 |   5 | 2421.0 |
        Depths |   8247 |   7778 |    469 |   2144 |   4346 |   4 | 2061.8 |
           Zot |   7591 |   7120 |    471 |   1457 |   3074 |   5 | 1518.2 |
       Ossuary |    253 |    253 |      0 |     41 |     36 |   1 |  253.0 |
       Volcano |    669 |    669 |      0 |    240 |     96 |   1 |  669.0 |
               +--------+--------+--------+--------+--------+-----+--------+

Top non-repeatable levels by time:
Depths:2: 3046 daAuts
Vaults:3: 3024 daAuts
  Lair:5: 3017 daAuts
Shoals:4: 2869 daAuts
 Snake:4: 2720 daAuts
Vaults:4: 2638 daAuts
Vaults:5: 2473 daAuts
 Snake:3: 2269 daAuts
  Lair:2: 2249 daAuts
 Snake:1: 2171 daAuts
Shoals:2: 2159 daAuts
    D:13: 2125 daAuts
Depths:1: 2108 daAuts
Vaults:2: 2019 daAuts
Vaults:1: 1950 daAuts
